 Dungeon Crawl Stone Soup version 0.19.4-8-ga85b6b9 (webtiles) character file.

18081 Jynx the Fencer (level 12, -7/112 HPs)
             Began as a Minotaur Fighter on Feb 8, 2017.
             Was a High Priest of Okawaru.
             Mangled by a reaper
             ... wielding a +2 scythe of freezing
              (44 damage)
             ... in an ice cave.
             The game lasted 00:23:50 (11190 turns).

Jynx the Fencer (Minotaur Fighter)                 Turns: 11190, Time: 00:23:51

Health: -7/112     AC: 16    Str: 29    XL:     12   Next: 24%
Magic:  9/11       EV: 13    Int:  5    God:    Okawaru [*****.]
Gold:   659        SH:  0    Dex: 12    Spells: 0 memorised, 11 levels left

rFire  . . .     SeeInvis .     J - +1 great sword
rCold  + . .     Gourm    .     z - +1 ring mail "Paowacus" {Str+5 Slay+3}
rNeg   . . .     Faith    .     (shield currently unavailable)
rPois  +         Spirit   .     (helmet restricted)
rElec  .         Reflect  .     (no cloak)
rCorr  .         Harm     .     o - +2 pair of gloves
MR     .....                    r - +1 pair of boots
Stlth  ++........               m - amulet of regeneration
                                B - ring of poison resistance
                                x - ring of protection from cold

@: heroism, studying Fire Magic
A: retaliatory headbutt, horns 2
a: Heroism, Finesse, Renounce Religion


You were in an ice cave.
You worshipped Okawaru.
Okawaru was extremely pleased with you.
You were hungry.

You visited 2 branches of the dungeon, and saw 13 of its levels.
You also visited: Ossuary and Ice Cave.

You collected 659 gold pieces.

Inventory:

Hand Weapons
 a - a +0 long sword
 w - a +2 rapier
 J - a +1 great sword (weapon)
 Q - the +7 great mace "Firestarter" {inner flame, rF++}
   (You found it on level 10 of the Dungeon)

   It has been specially enchanted to burn those struck by it, causing extra
   injury to most foes and up to half again as much damage against particularly
   susceptible opponents.
   It greatly protects you from fire.
Armour
 c - a +0 shield
 o - a +2 pair of gloves (worn)
 r - a +1 pair of boots (worn)
 t - a +3 ring mail of fire resistance
 z - the +1 ring mail "Paowacus" (worn) {Str+5 Slay+3}
   (You found it on level 5 of the Dungeon)

   It affects your strength (+5).
   It affects your accuracy and damage with ranged weapons and melee attacks
   (+3).
 N - +0 fire dragon scales
Rods
 O - a -2 rod of ignition (14/14)
   (You took it off a crimson imp on level 10 of the Dungeon)
Jewellery
 j - an uncursed amulet of rage
 m - an amulet of regeneration (around neck)
 x - a ring of protection from cold (left hand)
 B - a ring of poison resistance (right hand)
 K - an uncursed ring of protection from cold
 T - an uncursed ring of positive energy {unknown}
Wands
 q - a wand of digging (21/24)
 S - a wand of digging (15/24)
 V - a wand of polymorph (12/24)
Scrolls
 g - 2 scrolls of teleportation
 u - 4 scrolls of magic mapping
 y - a scroll of blinking
 A - 4 scrolls of recharging
 H - 4 scrolls of fog
 L - a scroll of amnesia
 W - a scroll of fear
Potions
 d - 3 potions of might
 e - a potion of haste
 k - a potion of mutation
 n - 12 potions of degeneration
 s - 2 potions of brilliance
 C - a potion of agility
 D - 4 potions of heal wounds
 E - a potion of magic
 F - a potion of curing
 G - 4 potions of flight
 I - a potion of lignification
 R - a potion of cancellation {unknown}
 X - a potion of berserk rage {unknown}
Books
 b - a book of Maledictions

   Spells                             Type                      Level
   a - Corona                         Hexes                        1
   b - Ensorcelled Hibernation        Hexes/Ice                    2
   c - Confuse                        Hexes                        3
   d - Tukima's Dance                 Hexes                        3
   e - Dazzling Spray                 Conjuration/Hexes            3
 l - a book of Cantrips

   Spells                             Type                      Level
   a - Confusing Touch                Hexes                        1
   b - Animate Skeleton               Necromancy                   1
   c - Summon Small Mammal            Summoning                    1
   d - Apportation                    Translocation                1
 v - a book of Battle

   Spells                             Type                      Level
   a - Infusion                       Charms                       1
   b - Shroud of Golubria             Charms/Translocation         2
   c - Song of Slaying                Charms                       2
   d - Spectral Weapon                Hexes/Charms                 3
   e - Regeneration                   Charms/Necromancy            3
 P - a manual of Fire Magic
Comestibles
 f - 3 bread rations
 h - 6 meat rations
 i - 4 fruits
 p - 11 beef jerkies
 M - a slice of pizza


   Skills:
 + Level 11.8(16.8) Fighting
 * Level 15.9(20.9) Long Blades
 + Level 11.8(16.8) Armour
 - Level 8.0(13.0) Shields


You had 11 spell levels left.
You didn't know any spells.

Dungeon Overview and Level Annotations

Branches:
Dungeon (12/15)            Temple (1/1) D:5            Lair (0/6) D:10
    Orc (0/2) D:11

Altars:
Ashenzari
Cheibriados
Dithmenos
Elyvilon
Fedhas
Gozag
Hepliaklqana
Kikubaaqudgha
Makhleb
Nemelex Xobeh
Okawaru
Qazlal
Ru
Sif Muna
Trog
Uskayaw
Vehumet
Xom
Yredelemnul
Zin
The Shining One
Beogh

Shops:
D:6 *

Annotations:
D:5 2 runed doors
D:8 Maurice


Innate Abilities, Weirdness & Mutations

You reflexively headbutt those who attack you in melee.
You have a pair of horns on your head.


Message History

You start resting.
HP restored.
An ufetubus comes into view.
The ufetubus shouts!
A reaper comes into view. It is wielding a scythe of freezing.
The reaper hits you from afar with a scythe of freezing!!!
The reaper freezes you!
The ufetubus hits you but does no damage.
The ufetubus hits you.
You slash the ufetubus!
You kill the ufetubus!
Okawaru accepts your kill. The reaper closely misses you.
Found 32 gold pieces.
You closely miss the reaper. Your headbutt misses the reaper.
The reaper hits you with a scythe of freezing!!
The reaper freezes you.
You gain the combat prowess of a mighty hero.
The reaper hits you with a scythe of freezing!!!
You die...

§§§# #..# .# ##§§##
#... .## #....#
##.. # ## ..#
##.#..# #..
##.#.#..#§#§.##.##
#..
#$.#...§§§.§§§#..#
#.. .....
..§§.§§..# #..
#2.####§§.#.§.# ##.
#.@.§.§§..#...# ##.
##..§§≈.§.#...###..
#..§#.§###....##..
##..#(##......##).
#..#.#.....#..##)
###.......###..##
#....§§§§# #...#
#§§§.§§§## ##..#
##§§§§§≈# ##..


You could see a reaper.

Vanquished Creatures
  Rupert (D:12)
  The ghost of Apert the Severer, a journeyman MiBe of Trog (D:11)
  A fire dragon (D:10)
  An unseen horror (D:11)
  A hill giant (D:11)
  2 ice statues (IceCv)
  Psyche (D:9)
  3 trolls
  9 ice devils (IceCv)
  The ghost of Sarmenti the Cudgeler, an amateur MiAK of Lugonu (D:4)
  2 two-headed ogres
  4 hippogriffs
  A shadow (D:12)
  9 yaks
  4 fire bats (D:10)
  Edmund (D:5)
  2 hungry ghosts
  A soldier ant (D:11)
  A swamp drake (D:11)
  2 black bears
  3 ice beasts
  6 orc warriors
  4 sky beasts
  4 ogres
  A hornet zombie (D:8)
  7 centaurs
  2 big kobolds
  4 elf zombies (Ossuary)
  4 bullfrogs
  3 wyvern skeletons
  5 killer bees
  5 wights (D:9)
  2 howler monkeys
  12 crimson imps
  A quasit (D:10)
  A bullfrog zombie (D:5)
  7 centaur zombies
  5 hounds
  2 human zombies (Ossuary)
  2 jellies
  A centaur skeleton (D:8)
  4 orc priests
  9 orc wizards
  2 iguanas
  Natasha (thrice) (D:3)
  9 worker ants
  A hound skeleton (D:7)
  3 mummies (Ossuary)
  Robin (D:3)
  12 gnolls
  8 adders
  A shadow imp (D:5)
  18 white imps
  9 ufetubi (IceCv)
  An ooze (D:2)
  An adder skeleton (D:5)
  7 worms
  4 dart slugs
  9 leopard geckos
  56 orcs
  7 bats
  3 giant cockroaches
  9 hobgoblins
  4 jackals
  6 quokkas
  3 ball pythons
  7 frilled lizards
  12 goblins
  16 kobolds
  A leopard gecko skeleton (D:6)
  A leopard gecko zombie (D:5)
  A quokka skeleton (D:5)
  6 rats
363 creatures vanquished.

Vanquished Creatures (others)
  3 killer bees (D:9)
  3 white imps (IceCv)
  3 ufetubi (IceCv)
  A plant (D:10)
10 creatures vanquished.

Grand Total: 373 creatures vanquished

Notes
Turn   | Place    | Note
-------+----------+-------------------------------------------
     0 | D:1      | Jynx the Minotaur Fighter began the quest for the Orb.
     0 | D:1      | Reached XP level 1. HP: 19/19 MP: 0/0
    89 | D:1      | Reached skill level 3 in Long Blades
    89 | D:1      | Reached XP level 2. HP: 9/27 MP: 1/1
   995 | D:2      | Reached XP level 3. HP: 33/33 MP: 2/2
  1216 | D:2      | Reached skill level 4 in Long Blades
  1261 | D:2      | Reached XP level 4. HP: 18/40 MP: 3/3
  1641 | D:2      | Found a sacrificial altar of Ru.
  1990 | D:3      | Noticed Robin
  1997 | D:3      | Killed Robin
  2027 | D:3      | Found a glowing golden altar of the Shining One.
  2058 | D:3      | Found a radiant altar of Vehumet.
  2080 | D:3      | Noticed Natasha
  2087 | D:3      | Killed Natasha
  2087 | D:3      | Reached XP level 5. HP: 36/47 MP: 4/4
  2114 | D:3      | Reached skill level 5 in Long Blades
  2220 | D:3      | Noticed Natasha
  2221 | D:3      | Noticed a centaur
  2229 | D:3      | Killed a centaur
  2229 | D:3      | Reached skill level 5 in Fighting
  2229 | D:3      | Reached skill level 5 in Armour
  2233 | D:3      | Killed Natasha
  2233 | D:3      | Reached XP level 6. HP: 34/56 MP: 5/5
  2372 | D:3      | Noticed Natasha
  2380 | D:3      | Killed Natasha
  2380 | D:3      | Reached skill level 6 in Long Blades
  2560 | D:3      | Found a blossoming altar of Fedhas.
  2561 | D:3      | Found a hide-covered altar of Uskayaw.
  2698 | D:4      | Found a shattered altar of Ashenzari.
  2751 | D:4      | Found a white marble altar of Elyvilon.
  2816 | D:4      | Noticed Sarmenti's ghost (amateur MiAK)
  2832 | D:4      | Killed Sarmenti's ghost
  2832 | D:4      | Reached skill level 7 in Long Blades
  2832 | D:4      | Reached XP level 7. HP: 62/62 MP: 6/6
  3664 | D:5      | Entered Level 5 of the Dungeon
  3790 | D:5      | Reached skill level 8 in Long Blades
  3798 | D:5      | Found a large runed door.
  3798 | D:5      | Found a large runed door.
  3801 | D:5      | Noticed Edmund
  3826 | D:5      | Killed Edmund
  3826 | D:5      | Reached XP level 8. HP: 34/71 MP: 0/7
  3917 | D:5      | Found a large runed door.
  3917 | D:5      | Found a large runed door.
  4085 | D:5      | Reached skill level 9 in Long Blades
  4279 | D:5      | Found a staircase to the Ecumenical Temple.
  4285 | Temple   | Entered the Ecumenical Temple
  4571 | D:5      | Got a twisted ring mail
  4582 | D:5      | Identified the +1 ring mail "Paowacus" {Str+5 Slay+3} (You found it on level 5 of the Dungeon)
  4995 | D:6      | Found Pokef's Assorted Antiques.
  5001 | D:6      | Reached skill level 10 in Long Blades
  5260 | D:7      | Found a sand-covered staircase.
  5265 | Ossuary  | Entered an ossuary
  5307 | Ossuary  | Reached XP level 9. HP: 81/81 MP: 8/8
  5506 | D:7      | Reached skill level 11 in Long Blades
  5518 | D:7      | Found a bloodstained altar of Trog.
  5758 | D:7      | Reached skill level 12 in Long Blades
  5893 | D:7      | Found a stormy altar of Qazlal.
  6013 | D:7      | Found a basalt altar of Yredelemnul.
  6217 | D:7      | Noticed a troll
  6229 | D:7      | Killed a troll
  6229 | D:7      | Reached XP level 10. HP: 43/91 MP: 9/9
  6718 | D:8      | Found an iron altar of Okawaru.
  6724 | D:8      | Became a worshipper of Warmaster Okawaru
  7249 | D:8      | Noticed Maurice
  7390 | D:9      | Reached skill level 13 in Long Blades
  7449 | D:9      | Reached * piety under Okawaru
  7682 | D:9      | Noticed Psyche
  7688 | D:9      | Killed Psyche
  7984 | D:9      | Found a sparkling altar of Nemelex Xobeh.
  8022 | D:10     | Entered Level 10 of the Dungeon
  8032 | D:10     | Reached skill level 10 in Fighting
  8052 | D:10     | Reached skill level 10 in Armour
  8067 | D:10     | Noticed a fire dragon
  8080 | D:10     | Reached skill level 5 in Shields
  8228 | D:10     | Killed a fire dragon
  8228 | D:10     | Reached ** piety under Okawaru
  8293 | D:10     | Reached skill level 14 in Long Blades
  8293 | D:10     | Reached XP level 11. HP: 100/100 MP: 10/10
  8382 | D:10     | Found a roughly hewn altar of Beogh.
  8491 | D:10     | Found a staircase to the Lair.
  9054 | D:11     | Found a shimmering altar of Xom.
  9107 | D:11     | Noticed Apert's ghost (journeyman MiBe)
  9124 | D:11     | Killed Apert's ghost
  9150 | D:11     | Reached *** piety under Okawaru
  9323 | D:11     | Found a staircase to the Orcish Mines.
 10282 | D:11     | Killed an unseen horror
 10282 | D:11     | Reached **** piety under Okawaru
 10353 | D:11     | Noticed a hill giant
 10357 | D:11     | Killed a hill giant
 10357 | D:11     | Reached skill level 15 in Long Blades
 10506 | D:12     | Noticed Rupert
 10508 | D:12     | Paralysed by Rupert for 3 turns
 10516 | D:12     | Killed Rupert
 10516 | D:12     | Reached ***** piety under Okawaru
 10554 | D:12     | Found a frozen archway.
 10586 | IceCv    | Entered an ice cave
 10620 | IceCv    | Reached XP level 12. HP: 99/110 MP: 11/11
 10849 | IceCv    | Received a gift from Okawaru
 11185 | IceCv    | Noticed a reaper
 11190 | IceCv    | Mangled by a reaper

Skill      XL: |  1  2  3  4  5  6  7  8  9 10 11 12 |
---------------+-------------------------------------+-----
Long Blades    | 3 4 5 7 8 10 12 14 15 | 15.9
Fighting       | 4 5 6 7 9 10 11 | 11.8
Armour         | 4 5 6 7 9 10 11 | 11.8
Shields        | 5 7 8 |  8.0

Action                   |  1- 3 |  4- 6 |  7- 9 | 10-12 || total
-------------------------+-------+-------+-------+-------++-------
Melee: Long sword        |    79 |   140 |    65 |       ||   284
       Headbutt          |    10 |    28 |    96 |    95 ||   229
       Rapier            |       |       |   327 |   102 ||   429
       Great sword       |       |       |       |   306 ||   306
Invok: Heroism           |       |       |       |     6 ||     6
  Use: Scroll            |     3 |     7 |    13 |    10 ||    33
 Stab: Confused          |       |       |       |     1 ||     1
  Eat: Chunk             |     1 |     5 |    11 |    16 ||    33
       Fruit             |       |       |       |     3 ||     3
Armor: Scale mail        |    43 |    63 |    46 |       ||   152
       Ring mail         |       |       |   148 |   218 ||   366
Dodge: Dodged            |    35 |    64 |   182 |   197 ||   478
       Rpst.: Long sword |     6 |    20 |    10 |       ||    36
       Great sword       |       |       |       |    31 ||    31
